 Dungeon Crawl Stone Soup version 0.31-a0-986-g5e6e4ef867 (webtiles) character file.

Game seed: 2412507300546224442

20048 iTOUCHurSTICK the Severer (level 12, -34/76 HPs)
             Began as a Gargoyle Fighter on Nov 12, 2023.
             Was a Priest of Qazlal.
             Annihilated by a boulder beetle (40 damage)
             ... on level 11 of the Dungeon.
             The game lasted 00:54:49 (12907 turns).

iTOUCHurSTICK the Severer (Gargoyle Fighter)       Turns: 12907, Time: 00:54:49

Health: -34/76     AC: 25    Str: 26    XL:     12   Next: 75%
Magic:  0/21       EV: 13    Int:  8    God:    Qazlal [***...]
Gold:   978        SH:  8    Dex:  7    Spells: 11/11 levels left

rFire   + . .        l - +8 war axe of Conservatism {drain, +Blink rF+ MP+9}
rCold   + . .        c - +0 buckler
rNeg    + . .        D - +2 chain mail {rPois}
rPois   ∞            H - +0 helmet
rElec   +            (no cloak)
rCorr   .            T - +0 pair of gloves
SInv    .            (no boots)
Will    .....        P - amulet of guardian spirit Stlth
                     f - +4 ring of slaying
HPRegen 0.32/turn    Q - +5 ring of evasion
MPRegen 0.17/turn

%: guardian spirit
@: about to teleport
A: sickness immunity, AC +8, negative energy resistance 1, electricity
resistance, torment resistance 1, petrification resistance, talons 1, clumsy 1,
cold resistance 1
a: Renounce Religion, Evoke Blink, Upheaval, Elemental Force


You were on level 11 of the Dungeon.
You worshipped Qazlal.
Qazlal was most pleased with you.
You visited 3 branches of the dungeon, and saw 14 of its levels.
You also visited: Gauntlet.

You collected 1179 gold pieces.
You spent 201 gold pieces at shops.

Inventory:

Hand Weapons
 a - a +0 war axe
 h - a +3 dagger of holy wrath
 j - a +3 arbalest
 l - the +8 war axe of Conservatism (weapon) {drain, +Blink rF+ MP+9}
   (You found it on level 6 of the Dungeon)

   rF+:       It protects you from fire.
   MP+9:      It affects your magic capacity (+9).
   +Blink:    It lets you blink.
 A - a +2 hand axe of freezing
 I - a +4 battleaxe
Missiles
 d - 2 throwing nets
Armour
 c - a +0 buckler (worn)
 s - a +0 plate armour
 D - a +2 chain mail of poison resistance (worn)
 H - a +0 helmet (worn)
 T - a +0 pair of gloves (worn)
Jewellery
 f - a +4 ring of slaying (left hand)
 n - a ring of protection from fire
 u - a ring of protection from cold
 F - a +6 ring of dexterity
 P - an amulet of guardian spirit (around neck)
 Q - a +5 ring of evasion (right hand)
Wands
 x - a wand of roots (16)
 z - a wand of mindburst (23)
 K - a wand of paralysis (17)
 N - a wand of flame (3)
 O - a wand of light (10)
 S - a wand of digging (7)
Scrolls
 g - 4 scrolls of immolation
 k - 4 scrolls of vulnerability {unknown}
 r - 2 scrolls of poison {unknown}
 v - 3 scrolls of enchant armour
 w - a scroll of amnesia {unknown}
 y - a scroll of fog {unknown}
 B - 3 scrolls of brand weapon
 C - 2 scrolls of enchant weapon
 E - a scroll of noise {unknown}
 M - 2 scrolls of revelation
 R - a scroll of fear {unknown}
 V - a scroll of identify
Potions
 b - 2 potions of berserk rage {unknown}
 e - 2 potions of lignification
 i - a potion of invisibility
 m - 2 potions of degeneration
 o - 2 potions of ambrosia
 p - 4 potions of curing
 q - 2 potions of brilliance
 G - a potion of resistance {unknown}
 J - a potion of enlightenment {unknown}
 L - a potion of attraction {unknown}
 U - 3 potions of mutation


   Skills:
 + Level 9.4 Fighting
 * Level 15.4 Axes
 + Level 9.8 Armour
 - Level 0.1 Dodging
 + Level 3.4 Stealth
 - Level 3.2 Shields
 + Level 2.0 Evocations


You had 11 spell levels left.
You didn't know any spells.
Your spell library contained the following spells:

 Spells                   Type           Power      Damage    Failure   Level
 Foxfire                  Conj/Fire      0%         2x1d4     90%         1
 Necrotise                Necr           0%         1d4       90%         1
 Blink                    Tloc           0%         N/A       97%         2
 Lesser Beckoning         Tloc           0%         N/A       97%         2
 Momentum Strike          Conj/Tloc      0%         3d8       97%         2
 Poisonous Vapours        Pois/Air       0%         N/A       97%         2
 Gell's Gravitas          Tloc           0%         N/A       99%         3
 Mephitic Cloud           Conj/Pois/Air  0%         N/A       99%         3
 Stone Arrow              Conj/Erth      0%         3d7       99%         3
 Teleport Other           Tloc           0%         N/A       99%         3
 Vampiric Draining        Necr           0%         2d6       99%         3
 Animate Armour           Summ/Erth      0%         N/A       100%        4
 Cause Fear               Hex            0%         N/A       100%        4
 Dispel Undead            Necr           0%         3d6       100%        4
 Agony                    Necr           0%         N/A       100%        5
 Fireball                 Conj/Fire      0%         3d3       100%        5
 Freezing Cloud           Conj/Ice/Air   0%         6-21      100%        5
 Death Channel            Necr           0%         N/A       100%        6
 Dispersal                Tloc           0%         N/A       100%        6
 Plasma Beam              Fire/Air       0%         2x1d10    100%        6
 Starburst                Conj/Fire      0%         6d3       100%        6
 Lehudib's Crystal Spear  Conj/Erth      0%         10d2      100%        8
 Dragon's Call            Summ           0%         N/A       100%        9
 Cigotuvi's Dreadful Rot  Necr/Pois/Air  Unusable   N/A       N/A         2

Dungeon Overview and Level Annotations

Branches:
Dungeon (11/15)            Temple (1/1) D:7            Lair (0/5) D:11
    Orc (2/2) D:10        Gauntlet (visited)
    Elf: Orc:2

Altars:
Ashenzari
Cheibriados
Dithmenos
Elyvilon
Fedhas
Gozag
Hepliaklqana
Kikubaaqudgha
Makhleb
Nemelex Xobeh
Okawaru
Qazlal
Ru
Sif Muna
Trog
Uskayaw
Vehumet
Wu Jian
Xom
Yredelemnul
Zin
The Shining One

Shops:
D:4 (   D:6 :*   D:7 :   D:10 *   Orc:2 *


Innate Abilities, Weirdness & Mutations

You are immune to sickness and miasma.
Your stone body is resilient. (AC +8)
You are immune to poison.
You resist negative energy. (rN+)
You are resistant to electric shocks. (rElec)
You are resistant to unholy torment.
You are immune to petrification.
You have sharp toenails.
You are clumsy. (Dex -2)
Your flesh is cold resistant. (rC+)


Message History

You barely miss something. Your kick misses something. Something hits you.
Something bites you but does no damage.
The tengu warrior shoots a bolt.
The bolt hits you!!
The orc warrior shoots a bolt.
The bolt hits you but does no damage.
You closely miss something. You claw something.
A troll comes into view.
You hear some strange, mumbled words.
You are confused.
The tengu warrior shoots a bolt.
Reactivating autopickup.
The orc warrior shoots a bolt.
The bolt hits you!
You feel better. The troll bites you but does no damage.
You block the troll's attack. x2
A two-headed ogre comes into view.
It is wielding a +0 giant spiked club and a +0 dire flail.
The orc warrior shoots a bolt.
The bolt misses you.
The bolt hits the two-headed ogre!
As you read the scroll of teleportation, it crumbles to dust.
You feel strangely unstable. The troll bites you but does no damage.
The troll claws you but does no damage. x2
The two-headed ogre hits you with a +0 giant spiked club!!
* * * LOW HITPOINT WARNING * * *
The two-headed ogre hits you with a +0 dire flail!
* * * LOW HITPOINT WARNING * * *
The orc warrior shoots a bolt.
You block the bolt. The troll attacks as it pursues you!
The troll bites you but does no damage. The troll closely misses you.
The troll misses you.
The orc warrior shoots a bolt.
The bolt misses you.
The bolt hits the troll.
You feel better.
Your surroundings suddenly seem different.
The boulder beetle attacks as it pursues you!
The boulder beetle bites you!
* * * LOW HITPOINT WARNING * * *
Unknown command.
Okay, then.
The boulder beetle curls into a ball and begins rolling!
As you read the scroll of teleportation, it crumbles to dust.
You feel strangely unstable. The boulder beetle hits you!!!
Ouch! That really hurt!
You die...

##.......#.###'####.#.,,,,*.#####
#.................##.#*###.##.°.○
#...........[..#...##.,...##..###
#....)....#.##.#....###'###..##
##....)..##∩......#.........##
#.......#####.#°#####...####
#[......# #.#○# #...# ######
#.)#.#..# #.#B# ##.#####.....
#..[...## #.#@# #............
#.)#.#.# #.#.####.#####..####
#......# #.#.##......##......
#....########.#.....#.#.##.#####
####.)..........###.....##.##...
######...#.#.....#.#.##..#.##
#........#.........)..#§
##..#.#.#############.## #......#
#...


You could see a boulder beetle (rolling).

Vanquished Creatures
  A minotaur (Gauntlet)
  A boulder beetle (D:11)
  5 death yaks (Gauntlet)
  The ghost of Grendle the Fighter, a novice OpBr of Wu Jian (D:9)
  A skeletal warrior (D:11)
  The ghost of pigah the Mimic, a novice OpSh of Gozag (D:7)
  3 manticores (D:11)
  An ice statue (D:11)
  A smoke demon (Gauntlet)
  A torpor snail (Gauntlet)
  3 kobold demonologists
  2 gargoyles (D:11)
  A komodo dragon (D:11)
  An efreet (D:11)
  A freezing wraith (D:9)
  5 trolls
  3 centaur simulacra (Gauntlet)
  2 shadows
  A wyvern (D:10)
  2 vampires
  3 wraiths (D:11)
  15 yaks
  A steam dragon (D:9)
  3 vampire mosquitoes (D:11)
  2 wargs (Orc:2)
  An acid dragon (D:10)
  Duvessa (D:6)
  2 water moccasins
  A meliai simulacrum (Gauntlet)
  7 orc warriors
  An ice beast (D:5)
  An ogre (Orc:1)
  4 black bears
  A boggart (D:11)
  6 centaurs
  A phantom (D:2)
  2 kobold brigands
  3 bullfrogs
  Blork the orc (D:6)
  A gnoll sergeant (D:11)
  A scorpion (D:5)
  A hornet simulacrum (Gauntlet)
  8 wights
  Dowan (D:6)
  A killer bee (D:7)
  2 howler monkeys
  2 crimson imps (Gauntlet)
  8 orc priests
  A hound (D:6)
  A jelly (D:7)
  Crazy Yiuf (D:6)
  A sleepcap (D:6)
  Terence (D:3)
  7 iguanas
  11 orc wizards
  11 adders
  4 gnolls (D:3)
  4 shadow imps (D:4)
  5 white imps
  3 ufetubi (D:4)
  A worm (D:2)
  3 dart slugs
  39 orcs
  4 bats (D:3)
  9 endoplasms
  2 giant cockroaches
  6 goblins
  5 hobgoblins
  9 jackals
  13 kobolds
  3 quokkas
  3 training dummies (D:4)
  9 ball pythons
  3 frilled lizards
  8 rats
285 creatures vanquished.

Vanquished Creatures (others)
  A yak (D:11)
  A vampire (D:11)
2 creatures vanquished.

Grand Total: 287 creatures vanquished

Notes
Turn   | Place    | Note
-------+----------+-------------------------------------------
     0 | D:1      | iTOUCHurSTICK the Gargoyle Fighter began the quest for the
                  | Orb.
     0 | D:1      | Reached XP level 1. HP: 14/14 MP: 1/1
   125 | D:1      | Reached skill level 2 in Axes
   213 | D:1      | Reached XP level 2. HP: 16/19 MP: 2/2
   218 | D:1      | Found a faded altar of an unknown god.
   632 | D:1      | Reached XP level 3. HP: 24/24 MP: 3/3
   878 | D:2      | Found an ancient bone altar of Kikubaaqudgha.
   892 | D:2      | Reached skill level 3 in Axes
  1042 | D:2      | Noticed a phantom
  1051 | D:2      | Killed a phantom
  1052 | D:2      | Reached XP level 4. HP: 29/29 MP: 4/4
  1052 | D:2      | Reached XP level 5. HP: 33/33 MP: 5/5
  1612 | D:3      | Reached skill level 4 in Axes
  1771 | D:3      | Noticed Terence
  1775 | D:3      | Killed Terence
  2486 | D:3      | Reached XP level 6. HP: 29/39 MP: 6/6
  2999 | D:4      | Found Reushrui's Firing Range.
  3751 | D:4      | Reached skill level 5 in Axes
  3759 | D:4      | Reached skill level 5 in Fighting
  3838 | D:4      | Reached XP level 7. HP: 34/44 MP: 7/7
  4238 | D:5      | Entered Level 5 of the Dungeon
  4292 | D:5      | Reached skill level 6 in Axes
  4493 | D:5      | Reached skill level 5 in Armour
  4552 | D:5      | Reached XP level 8. HP: 40/49 MP: 8/8
  4803 | D:5      | Reached skill level 7 in Axes
  4908 | D:5      | Found a bloodstained altar of Trog.
  5085 | D:5      | Identified the +1 robe "Poovvudo" {rElec rF++ Str-4 SInv}
  5223 | D:6      | Found Ocueqeubro's General Store.
  5228 | D:6      | Bought a potion of mutation for 104 gold pieces
  5228 | D:6      | Bought a scroll of enchant weapon for 97 gold pieces
  5228 | D:6      | Gained mutation: You are weak. (Str -2) [potion of
                  | mutation]
  5336 | D:6      | Found Davozaugg's Vocational Training.
  5375 | D:6      | Reached skill level 8 in Axes
  5497 | D:6      | Noticed Duvessa
  5498 | D:6      | Noticed Dowan
  5513 | D:6      | Killed Duvessa
  5520 | D:6      | Killed Dowan
  5521 | D:6      | Reached XP level 9. HP: 29/55 MP: 9/9
  5801 | D:6      | Identified the +8 war axe of Conservatism {drain, +Blink
                  | rF+ MP+9}
  5954 | D:6      | Noticed Blork the orc
  5959 | D:6      | Killed Blork the orc
  6216 | D:6      | Found a runed translucent door.
  6217 | D:6      | Noticed Crazy Yiuf
  6222 | D:6      | Killed Crazy Yiuf
  6397 | D:7      | Found a blossoming altar of Fedhas.
  6398 | D:7      | Found a shimmering altar of Xom.
  6402 | D:7      | Reached skill level 9 in Axes
  6402 | D:7      | Found an ancient bone altar of Kikubaaqudgha.
  6765 | D:7      | Found a transporter.
  6766 | D:7      | Noticed a troll
  6768 | D:7      | Noticed pigah's ghost (novice OpSh)
  6782 | D:7      | Found a transporter.
  6840 | D:7      | Killed a troll
  6841 | D:7      | Reached skill level 1 in Stealth
  6847 | D:7      | Killed pigah's ghost
  6848 | D:7      | Reached skill level 10 in Axes
  7030 | D:7      | Found a staircase to the Ecumenical Temple.
  7041 | Temple   | Entered the Ecumenical Temple
  7110 | Temple   | Became a worshipper of Qazlal Stormbringer
  7139 | D:7      | Found Coppec's Book Boutique.
  7200 | D:7      | Reached XP level 10. HP: 59/61 MP: 10/10
  7829 | D:8      | Noticed a kobold demonologist
  7839 | D:8      | Killed a kobold demonologist
  7840 | D:8      | Reached skill level 11 in Axes
  8091 | D:8      | Reached * piety under Qazlal
  9058 | D:9      | Lost mutation: You are weak. (Str -2) [potion of mutation]
  9058 | D:9      | Gained mutation: You have sharp toenails. [potion of
                  | mutation]
  9058 | D:9      | Gained mutation: You are clumsy. (Dex -2) [potion of
                  | mutation]
  9058 | D:9      | Gained mutation: Your flesh is cold resistant. (rC+)
                  | [potion of mutation]
  9276 | D:9      | Found a runed translucent gate.
  9276 | D:9      | Found a runed translucent gate.
  9276 | D:9      | Found a runed translucent gate.
  9281 | D:9      | Noticed Grendle's ghost (novice OpBr)
  9558 | D:9      | Reached skill level 12 in Axes
  9568 | D:9      | Killed Grendle's ghost
  9653 | D:10     | Entered Level 10 of the Dungeon
  9653 | D:10     | Found Gozag's Platinum Reserve.
  9653 | D:10     | Found an opulent altar of Gozag.
  9718 | D:10     | Reached XP level 11. HP: 67/67 MP: 11/11
 10074 | D:10     | Found a staircase to the Orcish Mines.
 10099 | D:15     | Identified the "Nyufio"
 10099 | Orc:1    | Entered Level 1 of the Orcish Mines
 10269 | Orc:1    | Reached ** piety under Qazlal
 10389 | Orc:2    | Entered Level 2 of the Orcish Mines
 10629 | Orc:2    | Noticed a cyclops
 10630 | Orc:2    | Noticed an ettin
 10630 | Orc:2    | Found Ogguled's General Store.
 10630 | Orc:2    | Noticed a cyclops
 10992 | D:10     | Reached skill level 13 in Axes
 11124 | D:11     | Noticed a manticore
 11124 | D:11     | Noticed a boulder beetle
 11157 | D:11     | Found a gate leading to a gauntlet.
 11167 | D:11     | Found a staircase to the Lair.
 11350 | Gauntlet | Entered a Gauntlet
 11350 | Gauntlet | Found a transporter.
 11350 | Gauntlet | Found a transporter.
 11350 | Gauntlet | Found a transporter.
 11351 | Gauntlet | Found a transporter.
 11352 | Gauntlet | Found a transporter.
 11355 | Gauntlet | Found a transporter.
 11364 | Gauntlet | Noticed an arcanist
 11366 | Gauntlet | Found a transporter.
 11366 | Gauntlet | Found a transporter.
 11367 | Gauntlet | Found a transporter.
 11369 | Gauntlet | Found a large runed translucent door.
 11370 | Gauntlet | Found a transporter.
 11370 | Gauntlet | Found a large runed translucent door.
 11371 | Gauntlet | Found a large runed translucent door.
 11371 | Gauntlet | Found a large runed translucent door.
 11371 | Gauntlet | Found a runed translucent door.
 11372 | Gauntlet | Found a large runed translucent door.
 11373 | Gauntlet | Found a large runed translucent door.
 11374 | Gauntlet | Found a large runed translucent door.
 11374 | Gauntlet | Found a large runed translucent door.
 11375 | Gauntlet | Found a runed translucent gate.
 11375 | Gauntlet | Found a runed translucent gate.
 11376 | Gauntlet | Noticed a death yak
 11376 | Gauntlet | Noticed a death yak
 11376 | Gauntlet | Noticed a death yak
 11377 | Gauntlet | Found a transporter.
 11377 | Gauntlet | Found a transporter.
 11377 | Gauntlet | Noticed a death yak
 11378 | Gauntlet | Noticed a death yak
 11381 | Gauntlet | Found a runed translucent door.
 11381 | Gauntlet | Found a runed translucent gate.
 11386 | Gauntlet | Found a large runed translucent door.
 11386 | Gauntlet | Found a large runed translucent door.
 11386 | Gauntlet | Found a large runed translucent door.
 11386 | Gauntlet | Found a large runed translucent door.
 11387 | Gauntlet | Found a large runed translucent door.
 11388 | Gauntlet | Found a large runed translucent door.
 11388 | Gauntlet | Found a large runed translucent door.
 11388 | Gauntlet | Found a large runed translucent door.
 11765 | Gauntlet | Killed a death yak
 11769 | Gauntlet | Killed a death yak
 11771 | Gauntlet | Killed a death yak
 11777 | Gauntlet | Killed a death yak
 11778 | Gauntlet | Reached skill level 14 in Axes
 11778 | Gauntlet | Killed a death yak
 11779 | Gauntlet | Reached XP level 12. HP: 62/75 MP: 12/12
 11878 | Gauntlet | Noticed a minotaur
 11885 | Gauntlet | Killed a minotaur
 11982 | Gauntlet | Identified the staff "Baddeq Yqesk" {Fly rPois rN+ Will-
                  | Poison}
 11982 | Gauntlet | Identified the +2 great sword of the Median {elec, rF++ rC-
                  | rN+ Dex+2}
 12045 | D:11     | Killed a boulder beetle
 12053 | D:11     | Reached *** piety under Qazlal
 12099 | D:11     | Noticed a boulder beetle
 12355 | D:11     | Reached skill level 1 in Evocations
 12363 | D:11     | Reached skill level 15 in Axes
 12597 | D:11     | Identified the +2 robe of Ejat {Int+2}
 12880 | D:11     | Noticed a tengu warrior
 12886 | D:11     | Noticed a two-headed ogre
 12897 | D:11     | Noticed a two-headed ogre
 12898 | D:11     | HP: 3/76 [two-headed ogre/+0 giant spiked club (10)]
 12907 | D:11     | Annihilated by a boulder beetle

Illustrated notes

Levels and vault maps discovered:
D:1:      minmay_arrival_doors, layout_rooms, shapermc_ecumenical_altar_petra,
          minmay_tromino_v2
D:2:      layout_rooms, basic_altar
D:3:      layout_basic, hex_large, grunt_ministairs_14, nicolae_grassy_gnolls,
          uniq_terence
D:4:      layout_cave_pools, serial_demonic, serial_demonic_e, serial_demonic_e,
          serial_demonic_c, serial_demonic_e, serial_demonic_b,
          serial_demonic_b, serial_demonic_d, serial_demonic_d,
          serial_demonic_e, serial_demonic_f, st_stairs_9,
          nicolae_shop_firing_range
D:5:      layout_rooms, trog_ov_bears_minmay
D:6:      layout_cave_pods, serial_shops, nicolae_shop_pleasant_corner_grove,
          dk_noncrumbling_2, nicolae_shop_vocational, uniq_crazy_yiuf_cottage,
          uniq_blork_the_orc, uniq_duvessa
D:7:      layout_layer_cave, minitemple, minmay_temple_entry_hall,
          gammafunk_ghost_arena, serial_shops, shop
D:8:      layout_basic
D:9:      layout_grid_maze, gammafunk_ghost_spectres
D:10:     nicolae_cairo_tiling_large, layout_gridville,
          nicolae_gozag_zags_fifth_avenue, orc_0_dummy, abandoned_shop
D:11:     minmay_the_grid_octo_tiled_squarecenter
          [minmay_the_grid_octo_fat_diamond, minmay_the_grid_octo_horde,
          minmay_the_grid_octo_concentric, minmay_the_grid_octo_shrine,
          minmay_the_grid_square_5x5_megaprize_crossed,
          minmay_the_grid_square_5x5_three_small,
          minmay_the_grid_square_5x5_pentomino_r,
          minmay_the_grid_square_5x5_fancy_junction,
          minmay_the_grid_square_5x5_moneybag], layout_loops_ring, serial_glass,
          glass_columns_a, glass_columns_a, glass_columns_a, glass_columns_a,
          glass_columns_b, glass_columns_a, glass_columns_a, glass_columns_b,
          glass_columns_a, glass_columns_b, glass_columns_b, glass_columns_b,
          glass_columns_a, glass_columns_b, due_unseen_surprise,
          minmay_strange_pillars, item_on_display_b, feat_on_display,
          gauntlet_entry_generic, minivault_16, grunt_ministairs_8
Temple:   bh_familiar_temple
Orc:1:    layout_diamond_mine, einodemon_barbed_minivault
Orc:2:    grunt_orc_gardens, layout_caves, grunt_orc_garden, grunt_orc_garden,
          grunt_orc_garden, grunt_orc_garden, hangedman_minor_magic

Skill      XL: |  1  2  3  4  5  6  7  8  9 10 11 12 |
---------------+-------------------------------------+-----
Axes           | 2 3 4 5 6 8 10 12 14 15 | 15.4
Fighting       | 4 5 6 7 8 9 |  9.4
Armour         | 4 5 6 7 9 |  9.8
Stealth        | 2 3 |  3.4
Evocations     | 2 |  2.0
Dodging        | |  0.1
Shields        | |  3.2

Action                     |  1- 3 |  4- 6 |  7- 9 | 10-12 || total
---------------------------+-------+-------+-------+-------++-------
  Melee: War axe           |    57 |   209 |   260 |   374 ||   900
         Dagger            |    34 |       |       |       ||    34
         Kick              |       |       |       |    77 ||    77
  Evoke: Wand              |       |       |       |    20 ||    20
    Use: Potion            |     1 |     2 |     6 |     6 ||    15
         Scroll            |       |       |     5 |    12 ||    17
   Stab: Invisible         |       |       |     6 |       ||     6
 Armour: Scale mail        |    72 |   198 |   157 |       ||   427
         Chain mail        |       |       |    77 |   305 ||   382
  Dodge: Dodged            |    64 |   105 |   145 |   185 ||   499
  Block: Buckler           |    22 |    40 |    49 |   108 ||   219

Table legend: (Time is in decaauts)
 A = Elapsed time spent in this place.
 B = Non-inter-level travel time spent in this place.
 C = Inter-level travel time spent in this place.
 D = Time resting spent in this place.
 E = Time spent auto-exploring this place.
 F = Levels seen in this place.
 G = Mean time per level.
                   A        B        C        D        E       F      G
               +--------+--------+--------+--------+--------+-----+--------+
         Total |  12971 |  12257 |    714 |   2988 |   5068 |  15 |  864.7 |
       Dungeon |  11581 |  10957 |    624 |   2578 |   4970 |  11 | 1052.8 |
        Temple |     94 |      4 |     90 |      0 |      0 |   1 |   94.0 |
  Orcish Mines |    636 |    636 |      0 |    320 |     24 |   2 |  318.0 |
      Gauntlet |    658 |    658 |      0 |     90 |     74 |   1 |  658.0 |
               +--------+--------+--------+--------+--------+-----+--------+

Top non-repeatable levels by time:
     D:3: 1809 daAuts
     D:6: 1223 daAuts
     D:7: 1182 daAuts
     D:8: 1150 daAuts
    D:11: 1133 daAuts
     D:4: 1040 daAuts
     D:5: 912 daAuts
     D:9: 869 daAuts
     D:1: 824 daAuts
    D:10: 775 daAuts
     D:2: 659 daAuts
Gauntlet: 658 daAuts
   Orc:1: 379 daAuts
   Orc:2: 257 daAuts
  Temple: 94 daAuts
